 Dungeon Crawl Stone Soup version 0.28-a0-1510-gd0f6b136d3 (webtiles) character file.

Game seed: 17018516229992966785

2 hashsling the Skirmisher (level 1, 0/16 HPs)
             Began as a Gargoyle Wanderer on Jan 15, 2022.
             Slain by a hobgoblin (1 damage)
             ... on level 1 of the Dungeon.
             The game lasted 00:01:18 (135 turns).

hashsling the Skirmisher (Gargoyle Wanderer)         Turns: 135, Time: 00:01:19

Health: 0/16       AC:  4    Str: 19    XL:     1   Next: 30%
Magic:  1/1        EV:  8    Int: 14    God:
Gold:   0          SH:  0    Dex:  9    Spells: 0/0 levels left

rFire   . . .      SeeInvis .   a - +0 mace
rCold   . . .      Faith    .   (no shield)
rNeg    + . .      Spirit   .   d - +0 robe
rPois   ∞          Reflect  .   (no helmet)
rElec   +          Harm     .   (no cloak)
rCorr   .          Rampage  .   (no gloves)
Will    .....                   (no boots)
Stlth   ++........              (no amulet)
HPRegen 0.05/turn               f - +6 ring of strength
MPRegen 0.07/turn               (no ring)

@: constricted
A: sickness immunity, AC +2, negative energy resistance 1, electricity
resistance, torment resistance 1, petrification resistance
a: no special abilities


You were on level 1 of the Dungeon.
You visited 1 branch of the dungeon, and saw 1 of its levels.

Inventory:

Hand Weapons
 a - a +0 mace (weapon)
Armour
 d - a +0 robe (worn)
Jewellery
 f - a +6 ring of strength (left hand)
Wands
 c - a wand of polymorph (5) (quivered)
Scrolls
 b - 2 scrolls of blinking
Potions
 e - a potion of flight {unknown}


   Skills:
 * Level 5.5 Fighting
 + Level 1.2 Armour
 - Level 3.2 Stealth
 - Level 1.0 Evocations


You couldn't memorise any spells.
You didn't know any spells.
Your spell library was empty.

Dungeon Overview and Level Annotations

Branches:
Dungeon (1/15)

Altars:


Innate Abilities, Weirdness & Mutations

You are immune to sickness and miasma.
Your stone body is resilient. (AC +2)
You are immune to poison.
You resist negative energy. (rN+)
You are resistant to electric shocks. (rElec)
You are resistant to unholy torment.
You are immune to petrification.


Message History

A frilled lizard comes into view.
The frilled lizard hisses angrily.
You hit the frilled lizard.
You kill the frilled lizard!
A gnoll and a hobgoblin come into view.
A rat comes into view.
You hit the rat.
You kill the rat!
The gnoll shouts!
A ball python comes into view.
You see here a rat corpse.
You hit the gnoll but do no damage. The gnoll hits you with a +0 flail!
The hobgoblin shouts!
You hit the gnoll.
The gnoll is heavily wounded.
The gnoll hits you with a +0 flail.
You are too injured to fight recklessly!
Hit: a) +0 mace
Press: ? - help, Dir - move target, f - gnoll
Aim: a gnoll, wielding a +0 flail (heavily wounded, about 39% to evade your +0 mace)
You closely miss the gnoll.
The gnoll is heavily wounded.
The gnoll misses you. The gnoll closely misses you.
You hit the plant.
The plant begins to die.
The plant is lightly damaged.
The ball python bites you but does no damage.
The ball python grabs you. The ball python constricts you.
The gnoll hits you but does no damage. The ball python bites you.
* * * LOW HITPOINT WARNING * * *
The ball python constricts you.
Hit: a) +0 mace
Press: ? - help, Dir - move target, f/p - gnoll
Aim: a gnoll, wielding a +0 flail (heavily wounded, about 39% to evade your +0 mace)
You sock the gnoll!
You kill the gnoll!
A nearby plant withers and dies.
The hobgoblin hits you.
* * * LOW HITPOINT WARNING * * *
The ball python bites you but does no damage.
The ball python constricts you. The hobgoblin hits you.
You die...

##..#. .## #..###
...## #.## # ....#
#.# #.####..# ##.#
##.......#### #..#
#.....P.....## #.##
..P..PgPP....### #.#
..P.P.)@.......###.##
..P...SP.....#......#
..PP..PPP.####......#
..PP...P............#
...P.PPP...##.......#
.#.......#.#........#
##.#####..#..##.####
... .#..# #.# ## ...#
#..


You could see a hobgoblin and a ball python.

Vanquished Creatures
  A gnoll (D:1)
  A ball python (D:1)
  A frilled lizard (D:1)
  A rat (D:1)
4 creatures vanquished.

Vanquished Creatures (others)
  A plant (D:1)
1 creature vanquished.

Grand Total: 5 creatures vanquished

Notes
Turn   | Place    | Note
-------+----------+-------------------------------------------
     0 | D:1      | hashsling the Gargoyle Wanderer began the quest for the
                  | Orb.
     0 | D:1      | hashsling set off with the following items: a +3 dagger, a
                  | scroll of blinking, a wand of polymorph (6), a +0 robe
     0 | D:1      | Reached XP level 1. HP: 16/16 MP: 1/1
   135 | D:1      | Slain by a hobgoblin

Illustrated notes

Levels and vault maps discovered:
D:1:      nicolae_arrival_washed_ashore, layout_rooms, nicolae_grassy_gnolls

Action                   || total
-------------------------++-------
Melee: Mace              ||     9
Evoke: Wand              ||     1
Armor: Robe              ||     3
Dodge: Dodged            ||     4

Table legend: (Time is in decaauts)
 A = Elapsed time spent in this place.
 B = Non-inter-level travel time spent in this place.
 C = Inter-level travel time spent in this place.
 D = Time resting spent in this place.
 E = Time spent auto-exploring this place.
 F = Levels seen in this place.
 G = Mean time per level.
                   A        B        C        D        E       F      G
               +--------+--------+--------+--------+--------+-----+--------+
         Total |    138 |    138 |      0 |      0 |     96 |   1 |  138.0 |
       Dungeon |    138 |    138 |      0 |      0 |     96 |   1 |  138.0 |
               +--------+--------+--------+--------+--------+-----+--------+

Top non-repeatable levels by time:
     D:1: 138 daAuts
